AoeStats
← dkokden

Arena

508241304Analyzed
4v4 RM · 12d ago on Sep 21, 2026· 45m 7s· 8 players
Game mode
Random Map
Map size
Large (8 player)
Population
200
Speed
Normal
Resources
Standard
Victory
Conquest
Starting age
Dark Age
Ending age
Imperial Age
RankedLock teamsTeams togetherTeam positionsShared explorationLock speedFull tech treeHidden civsTurbo modeCheats
Victory
Defeat
🇺🇸 Celts · United States
792
+18
🇩🇪 Wu · Germany
778
+19
🇪🇸 Burgundians · Spain
731
+21
🇫🇷 Poles · France
709
+21
🇹🇷 Portuguese · Türkiye
897
-22
🇧🇪 Ethiopians · Belgium
893
-23
🇸🇪 Armenians · Sweden
877
-21
🇨🇿 Teutons · Czechia
672
-13
Zukomazi
12:47 Feudal Age
13:47 Horse Collar
13:55 Double-Bit Axe
14:46 Loom
18:23 Castle Age
19:20 Bow Saw
19:13 Heavy Plow
20:07 Wheelbarrow
22:23 Stone Mining
22:24 Gold Mining
28:30 Hand Cart
28:05 Town Watch
31:32 Imperial Age
29:26 Pikeman
30:08 Scale Mail Armor
30:18 Forging
31:47 Chain Mail Armor
31:26 Arson
32:45 Iron Casting
32:56 Furor Celtica
33:12 Conscription
32:34 Capped Ram
33:48 Siege Ram
35:01 Halberdier
38:55 Plate Mail Armor
39:26 Blast Furnace
40:01 Elite Woad Raider
Ingvared
0:57 Loom
12:49 Feudal Age
13:49 Double-Bit Axe
13:49 Horse Collar
19:21 Castle Age
19:32 Fletching
19:29 Town Watch
27:23 Bow Saw
30:08 Wheelbarrow
31:47 Bodkin Arrow
31:54 Padded Archer Armor
33:14 Red Cliffs Tactics
35:34 Hand Cart
35:19 Town Patrol
38:22 Leather Archer Armor
38:41 Ballistics
38:17 Murder Holes
41:21 Imperial Age
40:28 Stone Mining
42:54 Conscription
42:15 Elite Fire Archer
43:18 Bracer
Daoiz1802
5:49 Double-Bit Axe
7:57 Loom
11:52 Feudal Age
11:47 Gold Mining
14:45 Horse Collar
19:09 Castle Age
17:44 Heavy Plow
17:48 Stone Mining
18:22 Bow Saw
19:08 Gold Shaft Mining
19:29 Stone Shaft Mining
20:42 Fervor
26:07 Scale Barding Armor
26:14 Forging
28:12 Murder Holes
28:37 Ballistics
34:04 Imperial Age
34:14 Chain Barding Armor
34:29 Iron Casting
35:27 Wheelbarrow
35:32 Plate Barding Armor
36:09 Chemistry
36:29 Burgundian Vineyards
36:44 Husbandry
36:05 Cavalier
37:53 Paladin
Ryusuke
3:29 Loom
12:22 Feudal Age
16:53 Wheelbarrow
16:05 Double-Bit Axe
16:02 Horse Collar
19:43 Castle Age
18:30 Bloodlines
18:43 Stone Mining
22:54 Husbandry
23:02 Scale Barding Armor
23:07 Forging
29:08 Gold Mining
34:01 Imperial Age
31:48 Hand Cart
33:12 Szlachta Privileges
33:47 Iron Casting
35:21 Conscription
34:24 Cavalier
38:32 Capped Ram
40:54 Siege Ram
41:57 Heavy Plow
Eldikar
12:08 Feudal Age
12:44 Loom
16:25 Castle Age
14:55 Double-Bit Axe
14:59 Horse Collar
16:50 Wheelbarrow
18:07 Bow Saw
18:08 Heavy Plow
22:21 Crossbowman
24:05 Fletching
24:24 Padded Archer Armor
30:10 Bodkin Arrow
30:31 Leather Archer Armor
30:17 Scale Mail Armor
30:28 Forging
32:20 Ballistics
32:33 Thumb Ring
32:40 Squires
36:35 Imperial Age
37:21 Arbalester
38:43 Halberdier
41:20 Conscription
40:55 Onager
Blitzo
3:23 Loom
11:30 Feudal Age
11:57 Horse Collar
14:25 Double-Bit Axe
15:31 Forging
23:03 Castle Age
22:53 Wheelbarrow
22:33 Scale Barding Armor
23:45 Bloodlines
24:35 Heavy Plow
25:53 Iron Casting
26:16 Chain Barding Armor
29:13 Gold Mining
29:16 Stone Mining
29:44 Bow Saw
32:55 Fortified Wall
36:29 Ironclad
41:32 Imperial Age
39:24 Hand Cart
38:57 Town Watch
40:45 Town Patrol
GABR1EL
11:33 Feudal Age
13:54 Wheelbarrow
13:08 Double-Bit Axe
13:35 Gold Mining
13:38 Stone Mining
14:05 Horse Collar
21:26 Castle Age
23:00 Castle Age
21:00 Fletching
20:58 Pikeman
21:48 Loom
21:49 Town Watch
24:08 Hand Cart
25:25 Gold Shaft Mining
25:03 Bow Saw
24:20 Halberdier
25:50 Bodkin Arrow
25:41 Man-at-Arms
26:06 Gambesons
29:20 Caravan
33:25 Light Cavalry
34:07 Husbandry
dkokden
0:28 Loom
11:41 Feudal Age
17:08 Castle Age
17:06 Double-Bit Axe
17:04 Horse Collar
29:01 Heavy Plow
31:23 Bloodlines
31:15 Husbandry
31:18 Gold Mining
36:58 Scale Barding Armor
39:47 Wheelbarrow
41:23 Bow Saw
41:35 Light Cavalry
46:14 Imperial Age
44:03 Hand Cart
45:15 Forging
Connection lost

Rejoining the realm…

Still unreachable

The connection could not be restored.

Session expired

The server has moved on; the page needs a fresh start.